Saguenéens vs Inferno
Created - February 1, 2018 at 19:00
Goals
|
Saguenéens |
1 |
1 |
1 |
3 |
Inferno |
1 |
0 |
3 |
4 |
|
Shots
|
Saguenéens |
8 |
10 |
5 |
23 |
Inferno |
9 |
4 |
14 |
27 |
|
1st period
1. Inferno , Bryan Rust 6 (Cal O'Reilly 16, Greg Pateryn 2) at 16:26 (PP)
2. Saguenéens , Brett Lebda 8 (Luke Witkowski 10, Teemu Pulkkinen 8) at 17:56
Penalties :
Nicholas Walters (Chi) for High sticking (Minor) at 7:10, Rhett Rakhshani (Chi) for Holding Stick (Minor) at 15:29
2nd period
3. Saguenéens , Carson Mcmillan 26 (Mason Raymond 38, Zac Rinaldo 40) at 4:40
Penalties :
Henrik Samuelsson (Chi) for Hooking (Minor) at 6:32, Nicholas Walters (Chi) for Tripping (Minor) at 8:39, Colby Robak (Anc) for Hooking (Minor) at 15:14, Greg Pateryn (Anc) for Slashing (Double Minor) at 19:44
3rd period
4. Inferno , Vladimir Zharkov 26 (Sami Vatanen 30, David Ullstrom 34) at 4:21 (PP)
5. Inferno , Matt Kassian 9 (Sami Vatanen 31) at 4:51
6. Saguenéens , Carson Mcmillan 27 (Mason Raymond 39, Zac Rinaldo 41) at 7:41
7. Inferno , Sami Vatanen 6 (Colby Robak 17) at 11:43
Penalties :
Nick Mattson (Chi) for Roughing (Minor) at 4:07
Goalie Stats
Mike Smith (Chi), 23 saves from 27 shots - (0.852), L, 26-11-0, 58:57 minutes
Michael Hutchinson (Anc), 20 saves from 23 shots - (0.870), W, 15-11-2, 60:00 minutes
Players Stats for Saguenéens
Player Name G A P +/- PIM S H SB GA TA FO MP PP MP PK MP
------------------------------------------------------------------------------------
Artur Gavrus 0 0 0 0 0 0 0 0 0 0 0/1 1:27 0:00 1:27
Brett Lebda 1 0 1 1 0 1 0 1 0 1 0/0 11:06 0:00 0:54
Brody Sutter 0 0 0 0 0 0 0 0 0 0 0/0 0:42 0:19 0:00
Carl Hagelin 0 0 0 -1 0 2 0 1 0 0 0/1 14:34 2:36 0:00
Carson Mcmillan 2 0 2 2 0 7 2 1 0 1 4/7 22:21 3:03 3:19
Craig Cunningham 0 0 0 0 0 2 3 0 0 0 0/0 13:41 0:00 1:43
Henrik Samuelsson 0 0 0 0 2 1 0 0 1 0 1/1 7:50 0:00 0:03
Jake McCabe 0 0 0 0 0 1 1 1 0 1 0/0 28:17 2:54 4:09
Jerry D'Amigo 0 0 0 0 0 0 1 0 1 0 0/0 7:10 0:19 0:00
Juraj Mikus 0 0 0 -1 0 0 3 0 2 0 3/6 14:34 2:36 0:00
Luke Witkowski 0 1 1 1 0 0 3 2 0 0 0/0 27:09 3:42 3:37
Mason Raymond 0 2 2 2 0 4 1 0 2 0 0/1 22:21 3:03 3:19
Mikhail Grigorenko 0 0 0 1 0 0 1 0 0 0 0/0 7:12 0:22 1:44
Nicholas Walters 0 0 0 -1 4 0 2 2 0 0 0/0 19:27 3:12 0:34
Nick Mattson 0 0 0 0 2 1 4 1 0 0 0/0 25:39 2:08 3:42
Rhett Rakhshani 0 0 0 0 2 0 1 1 0 0 0/1 11:57 0:00 0:00
Spencer Machacek 0 0 0 -1 0 1 1 0 1 0 1/1 16:34 2:33 1:55
Tanner Richard 0 0 0 0 0 1 0 1 0 0 1/5 12:42 0:00 0:00
Teemu Pulkkinen 0 1 1 0 0 1 0 0 0 0 0/0 6:59 0:00 0:11
Zac Rinaldo 0 2 2 2 0 1 3 0 0 1 12/25 21:05 3:03 1:55
Players Stats for Inferno
Player Name G A P +/- PIM S H SB GA TA FO MP PP MP PK MP
------------------------------------------------------------------------------------
Anders Lee 0 0 0 1 0 2 5 0 0 0 5/10 17:38 3:54 0:54
Bryan Rust 1 0 1 1 0 2 0 0 0 0 0/0 15:40 2:52 0:00
Cal O'Reilly 0 1 1 0 0 1 1 2 0 0 3/5 11:46 0:46 1:18
Christian Folin 0 0 0 -1 0 1 0 0 0 2 0/0 17:56 2:59 0:00
Colby Robak 0 1 1 1 2 0 2 1 0 1 0/0 24:03 4:09 1:58
David Savard 0 0 0 -1 0 2 2 1 0 0 0/0 17:38 0:00 3:04
David Ullstrom 0 1 1 -2 0 4 3 1 0 0 1/3 20:49 4:00 2:04
Esa Lindell 0 0 0 0 0 2 2 0 0 0 1/2 12:17 0:00 2:54
Greg Pateryn 0 1 1 -2 4 1 1 0 0 2 0/0 21:28 2:59 1:02
Luca Sbisa 0 0 0 0 0 0 1 0 0 1 0/0 11:53 0:00 0:00
Matt Kassian 1 0 1 1 0 1 2 0 0 1 1/1 12:43 0:00 0:00
Matthew Nieto 0 0 0 0 0 1 0 0 0 0 0/0 11:44 0:06 1:31
Philip Varone 0 0 0 0 0 1 2 0 1 0 2/2 12:18 2:38 0:00
Sami Vatanen 1 2 3 1 0 2 3 1 1 0 0/0 24:30 4:09 2:58
Tanner Pearson 0 0 0 0 0 0 1 0 0 0 0/0 12:40 2:52 0:09
Tyler Shattock 0 0 0 0 0 0 0 0 0 0 0/1 10:14 0:16 0:00
Vladimir Sobotka 0 0 0 -2 0 3 3 0 0 0 13/24 17:18 0:00 3:00
Vladimir Zharkov 1 0 1 -2 0 4 1 0 2 0 1/1 21:25 4:00 3:00
3 Stars
1 - Sami Vatanen (Anc)
2 - Carson Mcmillan (Chi)
3 - Zac Rinaldo (Chi)
Power Play
Saguenéens - 0 on 3 Attempt(s) - 0.00%
Inferno - 2 on 5 Attempt(s) - 40.00%
Penalty Kill
Saguenéens - 3 on 5 Attempt(s) - 60.00%
- Score 0 goal in Penalty Kill
Inferno - 3 on 3 Attempt(s) - 100.00%
- Score 0 goal in Penalty Kill
Team Stat
Saguenéens - Hits : 26 - Faceoff Wins : 22 - Blocked Shots : 11 - Penalty Minutes : 10
Inferno - Hits : 29 - Faceoff Wins : 27 - Blocked Shots : 6 - Penalty Minutes : 6
Official
Referees : Devorski Paul and Sutherland Kelly
Linesman : Scott Driscoll and Thor Nelson
Game Notes
Brett Lebda is injured at 3:21 of 2nd period (Upper Body)
Finance
Level 1 -- Attendance: 1374 (68.70%) -- Ticket Income $54,960
Level 2 -- Attendance: 805 (80.50%) -- Ticket Income $16,100
Total Attendance: 2179 (72.63%)
Total Ticket Income: $71,060
Other Income: $3,553
Total Income: $74,613
Saguenéens
5 vs 5 Forward
Center Left Wing Right Wing Time % Phy DF OF
1 Zac Rinaldo Mason Raymond Carson Mcmillan 40 1 2 2
2 Juraj Mikus Carl Hagelin Spencer Machacek 30 1 2 2
3 Tanner Richard Craig Cunningham Rhett Rakhshani 20 1 2 2
4 Henrik Samuelsson Teemu Pulkkinen Jerry D'Amigo 10 1 2 2
5 vs 5 Defense
Defense Defense Time % Phy DF OF
1 Brett Lebda Luke Witkowski 40 1 2 2
2 Jake McCabe Nick Mattson 30 1 2 2
3 Nicholas Walters Brett Lebda 20 1 2 2
4 Luke Witkowski Jake McCabe 10 1 2 2
PowerPlay Forward
Center Left Wing Right Wing Time % Phy DF OF
1 Zac Rinaldo Mason Raymond Carson Mcmillan 60 1 2 2
2 Juraj Mikus Carl Hagelin Spencer Machacek 40 1 2 2
PowerPlay Defense
Defense Defense Time % Phy DF OF
1 Brett Lebda Luke Witkowski 60 1 2 2
2 Jake McCabe Nick Mattson 40 1 2 2
Penalty Kill 4 Players Forward
Center Wing Time % Phy DF OF
1 Carson Mcmillan Mason Raymond 60 1 2 2
2 Zac Rinaldo Spencer Machacek 40 1 2 2
Penalty Kill 4 Players Defense
Defense Defense Time % Phy DF OF
1 Brett Lebda Luke Witkowski 60 1 2 2
2 Jake McCabe Nick Mattson 40 1 2 2
Penalty Kill - 3 Players Forward
Forward Time % Phy DF OF
1 Carson Mcmillan 60 1 2 2
2 Mason Raymond 40 1 2 2
Penalty Kill - 3 Players Defense
Defense Defense Time % Phy DF OF
1 Brett Lebda Luke Witkowski 60 1 2 2
2 Jake McCabe Nick Mattson 40 1 2 2
4 vs 4 Forward
Center Wing Time % Phy DF OF
1 Carson Mcmillan Mason Raymond 60 1 2 2
2 Zac Rinaldo Spencer Machacek 40 1 2 2
4 vs 4 Defense
Defense Defense Time % Phy DF OF
1 Brett Lebda Luke Witkowski 60 1 2 2
2 Jake McCabe Nick Mattson 40 1 2 2
Last Minutes Offensive
Center Left Wing Right Wing Defense Defense
Zac Rinaldo Mason Raymond Carson Mcmillan Brett Lebda Luke Witkowski
Last Minutes Defensive
Center Left Wing Right Wing Defense Defense
Zac Rinaldo Mason Raymond Carson Mcmillan Brett Lebda Luke Witkowski
Goaltenders
Starting : Mike Smith
Backup : Martin Jones
Extra Forwards
Normal : Mikhail Grigorenko, Brody Sutter, Artur Gavrus - PP : Mikhail Grigorenko, Brody Sutter - PK : Artur Gavrus
Extra Defensemen
Normal : Nicholas Walters, Nick Mattson, Brett Lebda - PP : Nicholas Walters - PK : Nick Mattson, Brett Lebda
Penalty Shots
Carson Mcmillan, Mason Raymond, Zac Rinaldo, Spencer Machacek, Carl Hagelin
Scratches
Patrick Sieloff (Back Injury), Dalton Prout (Right Leg Injury), Garret Sparks (Healthy)
Inferno
5 vs 5 Forward
Center Left Wing Right Wing Time % Phy DF OF
1 Vladimir Sobotka David Ullstrom Vladimir Zharkov 40 1 2 2
2 Anders Lee Matt Kassian Bryan Rust 30 1 2 2
3 Cal O'Reilly Tanner Pearson Esa Lindell 20 1 2 2
4 Philip Varone Matthew Nieto Tyler Shattock 10 1 2 2
5 vs 5 Defense
Defense Defense Time % Phy DF OF
1 Colby Robak Sami Vatanen 40 1 2 2
2 Greg Pateryn Christian Folin 30 1 2 2
3 Luca Sbisa David Savard 20 1 2 2
4 Greg Pateryn David Savard 10 1 2 2
PowerPlay Forward
Center Left Wing Right Wing Time % Phy DF OF
1 Anders Lee David Ullstrom Vladimir Zharkov 60 1 2 2
2 Philip Varone Tanner Pearson Bryan Rust 40 1 2 2
PowerPlay Defense
Defense Defense Time % Phy DF OF
1 Colby Robak Sami Vatanen 60 1 2 2
2 Greg Pateryn Christian Folin 40 1 2 2
Penalty Kill 4 Players Forward
Center Wing Time % Phy DF OF
1 Vladimir Sobotka Vladimir Zharkov 60 1 2 2
2 Cal O'Reilly David Ullstrom 40 1 2 2
Penalty Kill 4 Players Defense
Defense Defense Time % Phy DF OF
1 Colby Robak David Savard 60 1 2 2
2 Greg Pateryn Sami Vatanen 40 1 2 2
Penalty Kill - 3 Players Forward
Forward Time % Phy DF OF
1 Vladimir Sobotka 60 1 2 2
2 David Ullstrom 40 1 2 2
Penalty Kill - 3 Players Defense
Defense Defense Time % Phy DF OF
1 Colby Robak David Savard 60 1 2 2
2 Greg Pateryn Sami Vatanen 40 1 2 2
4 vs 4 Forward
Center Wing Time % Phy DF OF
1 Vladimir Sobotka Vladimir Zharkov 60 1 2 2
2 Cal O'Reilly David Ullstrom 40 1 2 2
4 vs 4 Defense
Defense Defense Time % Phy DF OF
1 Colby Robak Sami Vatanen 60 1 2 2
2 Greg Pateryn Christian Folin 40 1 2 2
Last Minutes Offensive
Center Left Wing Right Wing Defense Defense
Vladimir Sobotka David Ullstrom Vladimir Zharkov Colby Robak David Savard
Last Minutes Defensive
Center Left Wing Right Wing Defense Defense
Vladimir Sobotka David Ullstrom Vladimir Zharkov Colby Robak David Savard
Goaltenders
Starting : Michael Hutchinson
Backup : Christopher Gibson
Extra Forwards
Normal : Tanner Pearson, Anders Lee, Bryan Rust - PP : Bryan Rust, Cal O'Reilly - PK : David Ullstrom
Extra Defensemen
Normal : Greg Pateryn, Esa Lindell, Christian Folin - PP : Christian Folin - PK : Greg Pateryn, Sami Vatanen
Penalty Shots
Matt Kassian, Vladimir Zharkov, Tanner Pearson, Vladimir Sobotka, Anders Lee
Scratches
Chris Brown (Healthy), Victor Rask (Healthy), Frank Corrado (Healthy), Ryan Spooner (Healthy), Kyle Palmieri (Broken Left Index Finger Injury)
Joakim Nordstrom (Healthy), Trevor Carrick (Healthy), Petteri Lindbohm (Healthy), Daniil Tarasov (Healthy), Branden Troock (Healthy)
Simon Danis-Pepin (Healthy), Mathieu Brodeur (Healthy), Nathan Lieuwen (Healthy)
% Time on Ice - Saguenéens
Lines # - Real PCT - Wanted PCT - Time Play
Normal Forward
1 - 32% - 40% - 14:50
2 - 26% - 30% - 12:06
3 - 26% - 20% - 11:58
4 - 15% - 10% - 6:48
Normal Defense
1 - 46% - 40% - 21:01
2 - 30% - 30% - 13:36
3 - 20% - 20% - 9:13
4 - 4% - 10% - 1:52
PP Forward
1 - 56% - 60% - 3:22
2 - 44% - 40% - 2:36
PP Defense
1 - 81% - 60% - 4:49
2 - 19% - 40% - 1:09
PK Forward
1 - 73% - 60% - 5:13
2 - 27% - 40% - 1:55
PK Defense
1 - 73% - 60% - 5:13
2 - 27% - 40% - 1:55
PK3 Forward
1 - 0% - 60%
2 - 0% - 40%
PK3 Defense
1 - 0% - 60%
2 - 0% - 40%
44 Forward
1 - 0% - 60%
2 - 0% - 40%
44 Defense
1 - 0% - 60%
2 - 0% - 40%
Last Minute Offensive - 1:12
Last Minute Defensive - 0:00
Total
Forward - 60:00
Defense - 60:00
|
% Time on Ice - Inferno
Lines # - Real PCT - Wanted PCT - Time Play
Normal Forward
1 - 31% - 40% - 13:59
2 - 28% - 30% - 12:48
3 - 20% - 20% - 9:19
4 - 21% - 10% - 9:35
Normal Defense
1 - 39% - 40% - 17:37
2 - 30% - 30% - 13:44
3 - 26% - 20% - 11:53
4 - 5% - 10% - 2:27
PP Forward
1 - 60% - 60% - 4:16
2 - 40% - 40% - 2:52
PP Defense
1 - 58% - 60% - 4:09
2 - 42% - 40% - 2:59
PK Forward
1 - 78% - 60% - 4:40
2 - 22% - 40% - 1:18
PK Defense
1 - 66% - 60% - 3:57
2 - 34% - 40% - 2:01
PK3 Forward
1 - 0% - 60%
2 - 0% - 40%
PK3 Defense
1 - 0% - 60%
2 - 0% - 40%
44 Forward
1 - 0% - 60%
2 - 0% - 40%
44 Defense
1 - 0% - 60%
2 - 0% - 40%
Last Minute Offensive - 0:00
Last Minute Defensive - 1:13
Total
Forward - 60:00
Defense - 60:00
|
Play by Play
1st period
0:01 of 1st period - Carson Mcmillan wins face-off versus Vladimir Sobotka in neutral zone.
0:04 of 1st period - Wrist shot by Mason Raymond.
0:04 of 1st period - Shot Blocked by David Ullstrom.
1:32 of 1st period - Slapshot by Tyler Shattock.
1:32 of 1st period - Shot Misses the Net.
2:22 of 1st period - Cal O'Reilly is hit by Jerry D'Amigo and loses puck.
2:35 of 1st period - Sami Vatanen is hit by Zac Rinaldo and loses puck.
2:40 of 1st period - Snap shot by Mason Raymond.
2:40 of 1st period - Stopped by Michael Hutchinson without a rebound.
2:41 of 1st period - Vladimir Sobotka wins face-off versus Juraj Mikus in Inferno zone.
2:41 of 1st period - Vladimir Sobotka is hit by Spencer Machacek.
2:58 of 1st period - Off-side.
2:59 of 1st period - Anders Lee wins face-off versus Zac Rinaldo in neutral zone.
3:43 of 1st period - Greg Pateryn is hit by Craig Cunningham and loses puck.
3:50 of 1st period - Brett Lebda is hit by Esa Lindell.
6:10 of 1st period - Snap shot by Vladimir Sobotka.
6:10 of 1st period - Shot Blocked by Carl Hagelin.
6:14 of 1st period - Snap shot by Vladimir Sobotka.
6:14 of 1st period - Stopped by Mike Smith without a rebound.
6:15 of 1st period - Anders Lee wins face-off versus Tanner Richard in Saguenéens zone.
6:16 of 1st period - Wrist shot by Matt Kassian.
6:16 of 1st period - Shot Blocked by Jake McCabe.
6:18 of 1st period - Wrist shot by Bryan Rust.
6:18 of 1st period - Stopped by Mike Smith with a rebound.
6:20 of 1st period - Slapshot by Greg Pateryn.
6:20 of 1st period - Stopped by Mike Smith with a rebound.
6:22 of 1st period - Slapshot by David Savard.
6:22 of 1st period - Deflect By Rhett Rakhshani.
6:22 of 1st period - Stopped by Mike Smith with a rebound.
6:24 of 1st period - Slapshot by David Savard.
6:24 of 1st period - Shot Blocked by Tanner Richard.
6:40 of 1st period - Vladimir Zharkov is hit by Zac Rinaldo and loses puck.
7:10 of 1st period - Minor Penalty to Nicholas Walters for High sticking.
7:11 of 1st period - Anders Lee wins face-off versus Carson Mcmillan in Saguenéens zone.
7:24 of 1st period - Snap shot by David Ullstrom.
7:24 of 1st period - Stopped by Mike Smith with a rebound.
7:26 of 1st period - Snap shot by Vladimir Zharkov.
7:26 of 1st period - Shot Misses the Net.
7:56 of 1st period - Luke Witkowski is hit by David Ullstrom and loses puck.
9:10 of 1st period - Penalty to Nicholas Walters is over, Nicholas Walters is back on ice.
9:26 of 1st period - Slapshot by Teemu Pulkkinen.
9:26 of 1st period - Stopped by Michael Hutchinson with a rebound.
9:46 of 1st period - Tanner Pearson is hit by Craig Cunningham and loses puck.
10:14 of 1st period - Luke Witkowski is hit by Anders Lee and loses puck.
10:35 of 1st period - Colby Robak is hit by Mason Raymond and loses puck.
11:05 of 1st period - Craig Cunningham is hit by Vladimir Sobotka and loses puck.
11:37 of 1st period - Snap shot by Carson Mcmillan.
11:37 of 1st period - Stopped by Michael Hutchinson with a rebound.
11:45 of 1st period - Wrist shot by Carson Mcmillan.
11:45 of 1st period - Stopped by Michael Hutchinson with a rebound.
11:55 of 1st period - Snap shot by Carl Hagelin.
11:55 of 1st period - Stopped by Michael Hutchinson without a rebound.
11:56 of 1st period - Juraj Mikus wins face-off versus Cal O'Reilly in Inferno zone.
12:21 of 1st period - Juraj Mikus is hit by Philip Varone and loses puck.
12:33 of 1st period - Tyler Shattock is hit by Juraj Mikus and loses puck.
13:29 of 1st period - Luca Sbisa is hit by Mikhail Grigorenko and loses puck.
13:45 of 1st period - Icing by Luca Sbisa.
13:46 of 1st period - Zac Rinaldo wins face-off versus Tyler Shattock in Inferno zone.
14:03 of 1st period - Slapshot by Matthew Nieto.
14:03 of 1st period - Stopped by Mike Smith with a rebound.
14:09 of 1st period - Slapshot by Philip Varone.
14:09 of 1st period - Shot Blocked by Brett Lebda.
14:41 of 1st period - Snap shot by Carson Mcmillan.
14:41 of 1st period - Stopped by Michael Hutchinson with a rebound.
15:25 of 1st period - Slapshot by Philip Varone.
15:25 of 1st period - Stopped by Mike Smith without a rebound.
15:26 of 1st period - Tanner Richard wins face-off versus David Ullstrom in Saguenéens zone.
15:26 of 1st period - Tanner Richard is hit by David Ullstrom.
15:29 of 1st period - Minor Penalty to Rhett Rakhshani for Holding Stick.
15:30 of 1st period - Vladimir Zharkov wins face-off versus Artur Gavrus in Saguenéens zone.
16:08 of 1st period - Jake McCabe is hit by Sami Vatanen and loses puck.
16:26 of 1st period - Wrist shot by Bryan Rust.
16:26 of 1st period - Goal by Bryan Rust - Saguenéens : 0 - Inferno : 1.
16:27 of 1st period - Spencer Machacek wins face-off versus Esa Lindell in neutral zone.
17:02 of 1st period - Snap shot by David Ullstrom.
17:02 of 1st period - Stopped by Mike Smith with a rebound.
17:17 of 1st period - Luke Witkowski is hit by Colby Robak and loses puck.
17:54 of 1st period - Slapshot by Brett Lebda.
17:54 of 1st period - Shot Misses the Net.
17:56 of 1st period - Slapshot by Brett Lebda.
17:56 of 1st period - Deflect By David Ullstrom.
17:56 of 1st period - Goal by Brett Lebda - Saguenéens : 1 - Inferno : 1.
17:57 of 1st period - Vladimir Sobotka wins face-off versus Zac Rinaldo in neutral zone.
18:00 of 1st period - Nick Mattson is hit by Vladimir Sobotka and loses puck.
18:11 of 1st period - Colby Robak is hit by Carson Mcmillan and loses puck.
18:22 of 1st period - Spencer Machacek is hit by Anders Lee and loses puck.
18:43 of 1st period - Slapshot by Jake McCabe.
18:43 of 1st period - Deflect By Christian Folin.
18:43 of 1st period - Stopped by Michael Hutchinson with a rebound.
18:49 of 1st period - Jake McCabe is hit by Esa Lindell and loses puck.
19:26 of 1st period - Slapshot by Craig Cunningham.
19:26 of 1st period - Shot Misses the Net.
19:38 of 1st period - Snap shot by Rhett Rakhshani.
19:38 of 1st period - Shot Misses the Net.
19:40 of 1st period - Snap shot by Tanner Richard.
19:40 of 1st period - Shot Blocked by David Savard.
Goals for this period are 1 for Saguenéens vs 1 for Inferno.
Shots for this period are 8 for Saguenéens vs 9 for Inferno.
2nd period
0:01 of 2nd period - Zac Rinaldo wins face-off versus Vladimir Sobotka in neutral zone.
0:06 of 2nd period - Slapshot by Brett Lebda.
0:06 of 2nd period - Deflect By Carson Mcmillan.
0:06 of 2nd period - Stopped by Michael Hutchinson with a rebound.
0:12 of 2nd period - Slapshot by Vladimir Zharkov.
0:12 of 2nd period - Deflect By Vladimir Sobotka.
0:12 of 2nd period - Stopped by Mike Smith without a rebound.
0:13 of 2nd period - Zac Rinaldo wins face-off versus Vladimir Sobotka in Saguenéens zone.
0:13 of 2nd period - Zac Rinaldo is hit by Vladimir Sobotka.
1:07 of 2nd period - Icing by Anders Lee.
1:08 of 2nd period - Henrik Samuelsson wins face-off versus Anders Lee in Inferno zone.
1:37 of 2nd period - Wrist shot by Mason Raymond.
1:37 of 2nd period - Deflect By Zac Rinaldo.
1:37 of 2nd period - Stopped by Michael Hutchinson with a rebound.
1:43 of 2nd period - Wrist shot by Mason Raymond.
1:43 of 2nd period - Shot Misses the Net.
2:01 of 2nd period - Wrist shot by Cal O'Reilly.
2:01 of 2nd period - Stopped by Mike Smith with a rebound.
3:13 of 2nd period - Juraj Mikus is hit by Luca Sbisa and loses puck.
3:20 of 2nd period - Brett Lebda is hit by David Savard.
3:21 of 2nd period - Brett Lebda from Saguenéens is injured at 3:21 of 2nd period (Upper Body).
3:22 of 2nd period - Zac Rinaldo wins face-off versus Vladimir Sobotka in Saguenéens zone.
3:31 of 2nd period - Slapshot by Vladimir Zharkov.
3:31 of 2nd period - Stopped by Mike Smith with a rebound.
3:33 of 2nd period - Wrist shot by Vladimir Zharkov.
3:33 of 2nd period - Stopped by Mike Smith without a rebound.
3:34 of 2nd period - Zac Rinaldo wins face-off versus Vladimir Sobotka in Saguenéens zone.
3:43 of 2nd period - Wrist shot by Mason Raymond.
3:43 of 2nd period - Stopped by Michael Hutchinson with a rebound.
4:01 of 2nd period - Luke Witkowski is hit by Matt Kassian and loses puck.
4:30 of 2nd period - Snap shot by Rhett Rakhshani.
4:30 of 2nd period - Shot Misses the Net.
4:32 of 2nd period - Snap shot by Nick Mattson.
4:32 of 2nd period - Shot Blocked by Cal O'Reilly.
4:34 of 2nd period - Slapshot by Nick Mattson.
4:34 of 2nd period - Stopped by Michael Hutchinson without a rebound.
4:35 of 2nd period - Zac Rinaldo wins face-off versus Vladimir Sobotka in Inferno zone.
4:38 of 2nd period - Wrist shot by Mason Raymond.
4:38 of 2nd period - Shot Misses the Net.
4:40 of 2nd period - Snap shot by Carson Mcmillan.
4:40 of 2nd period - Goal by Carson Mcmillan - Saguenéens : 2 - Inferno : 1.
4:41 of 2nd period - Vladimir Sobotka wins face-off versus Zac Rinaldo in neutral zone.
4:56 of 2nd period - Wrist shot by David Ullstrom.
4:56 of 2nd period - Deflect By Vladimir Zharkov.
4:56 of 2nd period - Shot Misses the Net.
4:56 of 2nd period - Puck is out of play.
4:57 of 2nd period - Anders Lee wins face-off versus Juraj Mikus in Saguenéens zone.
5:34 of 2nd period - Snap shot by Carson Mcmillan.
5:34 of 2nd period - Deflect By Colby Robak.
5:34 of 2nd period - Stopped by Michael Hutchinson without a rebound.
5:35 of 2nd period - Cal O'Reilly wins face-off versus Tanner Richard in Inferno zone.
6:32 of 2nd period - Minor Penalty to Henrik Samuelsson for Hooking.
6:33 of 2nd period - Anders Lee wins face-off versus Carson Mcmillan in Saguenéens zone.
7:24 of 2nd period - Mason Raymond is hit by Anders Lee and loses puck.
8:32 of 2nd period - Penalty to Henrik Samuelsson is over, Henrik Samuelsson is back on ice.
8:39 of 2nd period - Minor Penalty to Nicholas Walters for Tripping.
8:40 of 2nd period - Carson Mcmillan wins face-off versus David Ullstrom in Saguenéens zone.
8:49 of 2nd period - Luke Witkowski is hit by Sami Vatanen and loses puck.
9:04 of 2nd period - Luke Witkowski is hit by Tanner Pearson and loses puck.
9:33 of 2nd period - Jake McCabe is hit by Vladimir Zharkov.
10:27 of 2nd period - Icing by David Ullstrom.
10:28 of 2nd period - Cal O'Reilly wins face-off versus Carson Mcmillan in Inferno zone.
10:39 of 2nd period - Penalty to Nicholas Walters is over, Nicholas Walters is back on ice.
10:39 of 2nd period - Sami Vatanen is hit by Nick Mattson and loses puck.
10:58 of 2nd period - Snap shot by Craig Cunningham.
10:58 of 2nd period - Stopped by Michael Hutchinson with a rebound.
11:15 of 2nd period - Snap shot by Matthew Nieto.
11:15 of 2nd period - Shot Blocked by Luke Witkowski.
11:29 of 2nd period - Snap shot by Anders Lee.
11:29 of 2nd period - Shot Misses the Net.
12:04 of 2nd period - Icing by Craig Cunningham.
12:05 of 2nd period - Philip Varone wins face-off versus Rhett Rakhshani in Saguenéens zone.
12:06 of 2nd period - Slapshot by Sami Vatanen.
12:06 of 2nd period - Shot Blocked by Nicholas Walters.
12:30 of 2nd period - Sami Vatanen is hit by Juraj Mikus.
13:00 of 2nd period - Tanner Pearson is hit by Zac Rinaldo and loses puck.
13:51 of 2nd period - Sami Vatanen is hit by Luke Witkowski and loses puck.
13:58 of 2nd period - Snap shot by Carson Mcmillan.
13:58 of 2nd period - Shot Blocked by Sami Vatanen.
14:47 of 2nd period - Tyler Shattock is hit by Luke Witkowski and loses puck.
15:00 of 2nd period - Greg Pateryn is hit by Carson Mcmillan and loses puck.
15:09 of 2nd period - Snap shot by Mason Raymond.
15:09 of 2nd period - Stopped by Michael Hutchinson with a rebound.
15:11 of 2nd period - Slapshot by Henrik Samuelsson.
15:11 of 2nd period - Stopped by Michael Hutchinson without a rebound.
15:12 of 2nd period - Vladimir Sobotka wins face-off versus Juraj Mikus in Inferno zone.
15:14 of 2nd period - Minor Penalty to Colby Robak for Hooking.
15:15 of 2nd period - Carson Mcmillan wins face-off versus Vladimir Sobotka in Inferno zone.
17:14 of 2nd period - Penalty to Colby Robak is over, Colby Robak is back on ice.
17:43 of 2nd period - Jerry D'Amigo is hit by David Savard and loses puck.
18:16 of 2nd period - Craig Cunningham is hit by Colby Robak.
18:20 of 2nd period - Craig Cunningham is hit by Philip Varone and loses puck.
18:41 of 2nd period - Matt Kassian is hit by Rhett Rakhshani and loses puck.
18:48 of 2nd period - Slapshot by Craig Cunningham.
18:48 of 2nd period - Shot Misses the Net.
19:18 of 2nd period - Bryan Rust is hit by Luke Witkowski and loses puck.
19:23 of 2nd period - Slapshot by Craig Cunningham.
19:23 of 2nd period - Shot Misses the Net.
19:25 of 2nd period - Wrist shot by Tanner Richard.
19:25 of 2nd period - Stopped by Michael Hutchinson without a rebound.
19:26 of 2nd period - Vladimir Sobotka wins face-off versus Zac Rinaldo in Inferno zone.
19:44 of 2nd period - Double Minor Penalty to Greg Pateryn for Slashing.
19:45 of 2nd period - Vladimir Sobotka wins face-off versus Zac Rinaldo in Inferno zone.
Goals for this period are 1 for Saguenéens vs 0 for Inferno.
Shots for this period are 10 for Saguenéens vs 4 for Inferno.
3rd period
0:01 of 3rd period - Vladimir Sobotka wins face-off versus Zac Rinaldo in neutral zone.
0:37 of 3rd period - Snap shot by Carl Hagelin.
0:37 of 3rd period - Stopped by Michael Hutchinson with a rebound.
0:39 of 3rd period - Wrist shot by Carl Hagelin.
0:39 of 3rd period - Shot Blocked by Cal O'Reilly.
1:11 of 3rd period - Icing by Jake McCabe.
1:12 of 3rd period - Juraj Mikus wins face-off versus Vladimir Sobotka in Saguenéens zone.
2:19 of 3rd period - Icing by Zac Rinaldo.
2:20 of 3rd period - Zac Rinaldo wins face-off versus Cal O'Reilly in Saguenéens zone.
3:44 of 3rd period - Penalty to Greg Pateryn is over, Greg Pateryn is back on ice.
3:57 of 3rd period - Bryan Rust is hit by Nick Mattson.
4:07 of 3rd period - Minor Penalty to Nick Mattson for Roughing.
4:08 of 3rd period - Carson Mcmillan wins face-off versus Anders Lee in Saguenéens zone.
4:21 of 3rd period - Wrist shot by Vladimir Zharkov.
4:21 of 3rd period - Goal by Vladimir Zharkov - Saguenéens : 2 - Inferno : 2.
4:22 of 3rd period - Vladimir Sobotka wins face-off versus Zac Rinaldo in neutral zone.
4:37 of 3rd period - Wrist shot by Vladimir Sobotka.
4:37 of 3rd period - Deflect By Vladimir Zharkov.
4:37 of 3rd period - Shot Blocked by Nick Mattson.
4:37 of 3rd period - Puck is out of play.
4:38 of 3rd period - Juraj Mikus wins face-off versus Anders Lee in Saguenéens zone.
4:51 of 3rd period - Slapshot by Matt Kassian.
4:51 of 3rd period - Goal by Matt Kassian - Saguenéens : 2 - Inferno : 3.
4:52 of 3rd period - Vladimir Sobotka wins face-off versus Zac Rinaldo in neutral zone.
5:42 of 3rd period - Esa Lindell is hit by Craig Cunningham and loses puck.
7:39 of 3rd period - Snap shot by Mason Raymond.
7:39 of 3rd period - Shot Misses the Net.
7:41 of 3rd period - Snap shot by Carson Mcmillan.
7:41 of 3rd period - Goal by Carson Mcmillan - Saguenéens : 3 - Inferno : 3.
7:42 of 3rd period - Vladimir Sobotka wins face-off versus Mason Raymond in neutral zone.
8:07 of 3rd period - Bryan Rust is hit by Juraj Mikus and loses puck.
8:16 of 3rd period - Slapshot by Christian Folin.
8:16 of 3rd period - Shot Misses the Net.
8:26 of 3rd period - Carl Hagelin is hit by Greg Pateryn and loses puck.
8:37 of 3rd period - Wrist shot by Philip Varone.
8:37 of 3rd period - Shot Misses the Net.
8:39 of 3rd period - Wrist shot by Matthew Nieto.
8:39 of 3rd period - Shot Misses the Net.
8:51 of 3rd period - Snap shot by Juraj Mikus.
8:51 of 3rd period - Shot Misses the Net.
8:53 of 3rd period - Slapshot by Nick Mattson.
8:53 of 3rd period - Shot Misses the Net.
8:59 of 3rd period - Backhand shot by Craig Cunningham.
8:59 of 3rd period - Stopped by Michael Hutchinson with a rebound.
9:01 of 3rd period - Wrist shot by Tanner Richard.
9:01 of 3rd period - Shot Misses the Net.
9:13 of 3rd period - Slapshot by David Savard.
9:13 of 3rd period - Stopped by Mike Smith without a rebound.
9:14 of 3rd period - David Ullstrom wins face-off versus Zac Rinaldo in Saguenéens zone.
9:15 of 3rd period - Snap shot by Vladimir Zharkov.
9:15 of 3rd period - Stopped by Mike Smith without a rebound.
9:16 of 3rd period - Zac Rinaldo wins face-off versus Vladimir Sobotka in Saguenéens zone.
10:25 of 3rd period - Slapshot by Vladimir Zharkov.
10:25 of 3rd period - Shot Misses the Net.
10:27 of 3rd period - Slapshot by David Ullstrom.
10:27 of 3rd period - Shot Misses the Net.
10:29 of 3rd period - Snap shot by Vladimir Zharkov.
10:29 of 3rd period - Shot Blocked by Luke Witkowski.
10:31 of 3rd period - Wrist shot by David Ullstrom.
10:31 of 3rd period - Stopped by Mike Smith without a rebound.
10:32 of 3rd period - Matt Kassian wins face-off versus Zac Rinaldo in Saguenéens zone.
10:33 of 3rd period - Snap shot by Christian Folin.
10:33 of 3rd period - Shot Blocked by Carson Mcmillan.
10:38 of 3rd period - Off-side.
10:39 of 3rd period - Zac Rinaldo wins face-off versus Anders Lee in neutral zone.
10:50 of 3rd period - Wrist shot by Mason Raymond.
10:50 of 3rd period - Stopped by Michael Hutchinson without a rebound.
10:51 of 3rd period - Zac Rinaldo wins face-off versus Vladimir Sobotka in Inferno zone.
11:43 of 3rd period - Slapshot by Sami Vatanen.
11:43 of 3rd period - Goal by Sami Vatanen - Saguenéens : 3 - Inferno : 4.
11:44 of 3rd period - Vladimir Sobotka wins face-off versus Zac Rinaldo in neutral zone.
12:03 of 3rd period - Vladimir Zharkov is hit by Nick Mattson and loses puck.
12:42 of 3rd period - Backhand shot by Spencer Machacek.
12:42 of 3rd period - Stopped by Michael Hutchinson with a rebound.
13:04 of 3rd period - Jerry D'Amigo is hit by Cal O'Reilly and loses puck.
13:40 of 3rd period - Anders Lee is hit by Nick Mattson and loses puck.
14:04 of 3rd period - Off-side.
14:05 of 3rd period - Zac Rinaldo wins face-off versus Vladimir Sobotka in neutral zone.
14:31 of 3rd period - Jake McCabe is hit by Anders Lee and loses puck.
14:50 of 3rd period - Nicholas Walters is hit by Sami Vatanen.
15:11 of 3rd period - Anders Lee is hit by Nicholas Walters and loses puck.
15:20 of 3rd period - Tanner Richard is hit by Anders Lee and loses puck.
15:37 of 3rd period - Snap shot by Vladimir Sobotka.
15:37 of 3rd period - Stopped by Mike Smith with a rebound.
15:39 of 3rd period - Slapshot by David Ullstrom.
15:39 of 3rd period - Shot Hit the Post.
15:41 of 3rd period - Snap shot by David Ullstrom.
15:41 of 3rd period - Shot Misses the Net.
15:50 of 3rd period - Off-side.
15:51 of 3rd period - Philip Varone wins face-off versus Carl Hagelin in neutral zone.
16:05 of 3rd period - Matthew Nieto is hit by Nicholas Walters and loses puck.
16:18 of 3rd period - Wrist shot by Esa Lindell.
16:18 of 3rd period - Shot Misses the Net.
17:00 of 3rd period - Colby Robak is hit by Jake McCabe and loses puck.
17:09 of 3rd period - Icing by Bryan Rust.
17:10 of 3rd period - Zac Rinaldo wins face-off versus Anders Lee in Inferno zone.
17:13 of 3rd period - Wrist shot by Carson Mcmillan.
17:13 of 3rd period - Shot Blocked by Colby Robak.
17:21 of 3rd period - Carson Mcmillan is hit by Matt Kassian and loses puck.
17:32 of 3rd period - Snap shot by Anders Lee.
17:32 of 3rd period - Shot Misses the Net.
17:34 of 3rd period - Slapshot by Sami Vatanen.
17:34 of 3rd period - Shot Misses the Net.
17:36 of 3rd period - Slapshot by Anders Lee.
17:36 of 3rd period - Stopped by Mike Smith with a rebound.
17:38 of 3rd period - Snap shot by Anders Lee.
17:38 of 3rd period - Stopped by Mike Smith with a rebound.
17:40 of 3rd period - Slapshot by Sami Vatanen.
17:40 of 3rd period - Stopped by Mike Smith without a rebound.
17:41 of 3rd period - Esa Lindell wins face-off versus Tanner Richard in Saguenéens zone.
17:46 of 3rd period - Snap shot by Esa Lindell.
17:46 of 3rd period - Shot Misses the Net.
17:48 of 3rd period - Slapshot by Christian Folin.
17:48 of 3rd period - Shot Misses the Net.
17:50 of 3rd period - Snap shot by Esa Lindell.
17:50 of 3rd period - Stopped by Mike Smith without a rebound.
17:51 of 3rd period - Cal O'Reilly wins face-off versus Tanner Richard in Saguenéens zone.
17:58 of 3rd period - Snap shot by Esa Lindell.
17:58 of 3rd period - Shot Blocked by Rhett Rakhshani.
18:00 of 3rd period - Snap shot by Christian Folin.
18:00 of 3rd period - Shot Misses the Net.
18:02 of 3rd period - Snap shot by Tanner Pearson.
18:02 of 3rd period - Shot Blocked by Nicholas Walters.
18:04 of 3rd period - Slapshot by Christian Folin.
18:04 of 3rd period - Stopped by Mike Smith with a rebound.
18:06 of 3rd period - Snap shot by Esa Lindell.
18:06 of 3rd period - Stopped by Mike Smith without a rebound.
18:07 of 3rd period - Vladimir Sobotka wins face-off versus Zac Rinaldo in Saguenéens zone.
18:08 of 3rd period - Snap shot by Vladimir Zharkov.
18:08 of 3rd period - Deflect By David Ullstrom.
18:08 of 3rd period - Stopped by Mike Smith without a rebound.
18:09 of 3rd period - Vladimir Sobotka wins face-off versus Zac Rinaldo in Saguenéens zone.
18:57 of 3rd period - Saguenéens, Mike Smith is pulled from the net.
19:21 of 3rd period - Slapshot by Mason Raymond.
19:21 of 3rd period - Shot Misses the Net.
19:43 of 3rd period - Zac Rinaldo is hit by David Ullstrom and loses puck.
Goals for this period are 1 for Saguenéens vs 3 for Inferno.
Shots for this period are 5 for Saguenéens vs 14 for Inferno.
Back to the Top